 Dungeon Crawl Stone Soup version 0.30-a0-782-ge64f9170bb (webtiles) character file.

Game seed: 5290011546514692129

51 theswoord the Chopper (level 3, -6/29 HPs)
             Began as a Demonspawn Monk on Feb 23, 2023.
             Mangled by Crazy Yiuf
             ... wielding a +3 quarterstaff of chaos
              (13 damage)
             ... on level 2 of the Dungeon.
             The game lasted 00:01:22 (1232 turns).

theswoord the Chopper (Demonspawn Monk)             Turns: 1232, Time: 00:01:23

Health: -6/29      AC:  4    Str: 13    XL:     3   Next: 57%
Magic:  3/3        EV: 12    Int: 11    God:
Gold:   86         SH:  0    Dex: 15    Spells: 2/2 levels left

rFire   . . .      SeeInvis .    a - +1 hand axe
rCold   . . .      Faith    .    (no shield)
rNeg    . . .      Spirit   .    b - +0 robe
rPois   .          Reflect  .    (no helmet)
rElec   .          Harm     .    e - +0 cloak
rCorr   .          Rampage  .    d - +0 pair of gloves
Will    .....                    (no boots)
Stlth   ++                       (no amulet)
HPRegen 0.24/turn                (no ring)
MPRegen 0.08/turn                (no ring)

@: no status effects
A: demonic magic 2
a: no special abilities


You were on level 2 of the Dungeon.
You visited 1 branch of the dungeon, and saw 2 of its levels.

You collected 86 gold pieces.

Inventory:

Hand Weapons
 a - a +1 hand axe (weapon)
 c - a +0 whip
 h - a +0 whip
Armour
 b - a +0 robe (worn)
 d - a +0 pair of gloves (worn)
 e - a +0 cloak (worn)
 i - a +0 cloak
Jewellery
 l - a +5 ring of evasion
Potions
 f - a potion of brilliance {unknown}
 g - a potion of curing
 j - a potion of might {unknown}
 k - a potion of attraction {unknown}


   Skills:
 - Level 3.0 Fighting
 + Level 4.2 Axes
 - Level 2.6 Dodging
 - Level 1.7 Stealth


You had 2 spell levels left.
You didn't know any spells.
Your spell library contained the following spells:

 Spells                   Type           Power      Damage    Failure   Level
 Beastly Appendage        Tmut           0%         N/A       34%         1
 Wereblood                Tmut           0%         N/A       47%         2
 Spider Form              Tmut/Pois      0%         N/A       71%         3


Dungeon Overview and Level Annotations

Branches:
Dungeon (2/15)

Altars:

Annotations:
D:2 Crazy Yiuf


Innate Abilities, Weirdness & Mutations

Spells you cast may paralyse nearby enemies.


Message History

You kill the endoplasm!
No target in view!
No target in view!
No target in view!
No target in view!
No target in view!
j - a golden potion
Found a hammer.
Found a hammer.
Found two hammers.
No target in view!
Found a hammer.
Found three hammers.
Found two hammers.
Found a runed translucent door.
Found a hammer.
You see here a +0 hammer.
Found a hammer.
You see here a +0 hammer.
You see here a +0 hammer.
Found a hammer.
Found a hammer.
No target in view!
You see here a +0 hammer.
You see here a +0 hammer.
Found a hammer.
You open the door.
There is an open translucent door here.
The helpless Crazy Yiuf fails to defend himself.
You hit Crazy Yiuf. Crazy Yiuf closely misses you.
You hit Crazy Yiuf.
Crazy Yiuf hits you with a +3 quarterstaff of chaos!
You hit Crazy Yiuf but do no damage.
Crazy Yiuf says, "Action childish action!"
Crazy Yiuf hits you with a +3 quarterstaff of chaos!
* * * LOW HITPOINT WARNING * * *
Crazy Yiuf burns you.
* * * LOW HITPOINT WARNING * * *
You hit Crazy Yiuf.
Crazy Yiuf hits you with a +3 quarterstaff of chaos!
You die...

#########
#...)...#
.)#####.##
# #.g)#).#
..#.@.#..#
#.#...#.)#
##.##'##))#
#.........#
#..).).)..#
#..)..)...#
#.........#
#####
#....)..)##
#...#
#.....)..#


You could see Crazy Yiuf.

Vanquished Creatures
  A gnoll (D:1)
  An adder (D:2)
  A dart slug (D:1)
  3 bats
  2 endoplasms
  A giant cockroach (D:1)
  A goblin (D:1)
  5 hobgoblins
  A quokka (D:1)
  8 ball pythons
  A frilled lizard (D:1)
  A kobold (D:1)
  3 rats
29 creatures vanquished.

Notes
Turn   | Place    | Note
-------+----------+-------------------------------------------
     0 | D:1      | theswoord the Demonspawn Monk began the quest for the Orb.
     0 | D:1      | Reached XP level 1. HP: 18/18 MP: 1/1
   295 | D:1      | Reached skill level 3 in Axes
   380 | D:1      | Gained mutation: Spells you cast may paralyse adjacent
                  | enemies. [demonic ancestry]
   380 | D:1      | Reached XP level 2. HP: 24/24 MP: 2/2
   648 | D:1      | Gained mutation: Spells you cast may paralyse nearby
                  | enemies. [demonic ancestry]
   648 | D:1      | Reached XP level 3. HP: 27/29 MP: 3/3
  1099 | D:2      | Reached skill level 4 in Axes
  1204 | D:2      | Found a runed translucent door.
  1207 | D:2      | Noticed Crazy Yiuf
  1232 | D:2      | Mangled by Crazy Yiuf

Skill      XL: |  1  2  3 |
---------------+----------+-----
Axes           | 3 4 |  4.2
Fighting       | |  3.0
Dodging        | |  2.6
Stealth        | |  1.7

Action                     || total
---------------------------++-------
  Melee: Hand axe          ||    92
    Use: Potion            ||     1
         Scroll            ||     2
   Stab: Sleeping          ||     7
 Armour: Robe              ||    26
  Dodge: Dodged            ||    65

Levels and vault maps discovered:
D:1:      lemuel_arrival_rhombus, layout_loops_corners
D:2:      minmay_angry_zag, layout_loops_ring, uniq_natasha,
          uniq_crazy_yiuf_cottage
